 Seeded DCSS version 0.28-a0-834-g1a73be5ee4 (webtiles) character file.

Game seed: 20211112 (custom seed)

256 a11behringer the Slasher (level 5, -3/46 HPs)
             Began as a Minotaur Fighter on Nov 12, 2021.
             Killed from afar by a white imp (11 damage)
             ... with a puff of frost
             ... summoned by Eustachio
             ... on level 4 of the Dungeon.
             The game lasted 00:11:27 (3571 turns).

a11behringer the Slasher (Minotaur Fighter)         Turns: 3571, Time: 00:11:27

Health: -3/46      AC:  8    Str: 21    XL:     5   Next: 92%
Magic:  4/4        EV: 10    Int:  5    God:
Gold:   115        SH:  6    Dex: 10    Spells: 4/4 levels left

rFire   . . .      SeeInvis .   a - +1 long sword
rCold   . . .      Faith    .   r - +2 buckler
rNeg    . . .      Spirit   .   b - +0 scale mail
rPois   +          Reflect  .   s - +1 hat
rElec   .          Harm     .   h - scarf {+Inv}
rCorr   .          Rampage  .   (no gloves)
Will    .....                   (no boots)
Stlth   ..........              (no amulet)
HPRegen 0.15/turn               e - ring of poison resistance
MPRegen 0.09/turn               (no ring)

@: no status effects
A: horns 2, retaliatory headbutt
a: Evoke Invisibility


You were on level 4 of the Dungeon.
You visited 1 branch of the dungeon, and saw 4 of its levels.

You collected 115 gold pieces.

Inventory:

Hand Weapons
 a - a +1 long sword (weapon)
 f - a +3 short sword of speed
Missiles
 k - 22 poisoned darts (quivered)
 l - 34 arrows
 n - 5 atropa-tipped darts
 p - 16 bolts
Armour
 b - a +0 scale mail (worn)
 c - a +0 buckler
 h - a scarf of invisibility (worn)
 r - a +2 buckler (worn)
 s - a +1 hat (worn)
Jewellery
 e - a ring of poison resistance (left hand)
Scrolls
 o - a scroll of summoning {unknown}
Potions
 d - 3 potions of might
 g - 2 potions of attraction
 i - a potion of heal wounds {unknown}
 j - 2 potions of cancellation {unknown}
 m - a potion of magic {unknown}
 q - 3 potions of curing


   Skills:
 + Level 4.1 Fighting
 * Level 5.8 Long Blades
 + Level 4.9 Armour
 + Level 0.9 Dodging
 + Level 4.3 Shields


You had 4 spell levels left.
You didn't know any spells.
Your spell library contained the following spells:

 Spells                   Type           Power      Damage    Failure   Level
 Ensorcelled Hibernation  Hex/Ice        0%         N/A       91%         2
 Gell's Gravitas          Tloc           0%         N/A       99%         3
 Lesser Beckoning         Tloc           0%         N/A       99%         3
 Spider Form              Tmut/Pois      0%         N/A       99%         3
 Teleport Other           Tloc           0%         N/A       99%         3
 Fulminant Prism          Conj/Hex       0%         3d6       100%        4
 Freezing Cloud           Conj/Ice/Air   0%         6-21      100%        5
 Iron Shot                Conj/Erth      0%         9d1       100%        6
 Simulacrum               Ice/Necr       0%         N/A       100%        6
 Chain Lightning          Conj/Air       0%         N/A       100%        9
 Polar Vortex             Ice            0%         N/A       100%        9


Dungeon Overview and Level Annotations

Branches:
Dungeon (4/15)
 Temple: D:4-7

Altars:

Shops:
D:2 [

Annotations:
D:4 Eustachio


Innate Abilities, Weirdness & Mutations

You have a pair of horns on your head.
You reflexively headbutt those who attack you in melee.


Message History

Eustachio blinks!
Eustachio hits you with a +0 falchion.
You barely miss Eustachio.
Eustachio is moderately wounded.
Eustachio gestures wildly while chanting.
Eustachio blinks!
Eustachio gestures wildly while chanting.
Eustachio hits you with a +0 falchion.
You slash Eustachio!
Eustachio is severely wounded.
Eustachio drinks a potion.
Eustachio is healed!
The white imp gestures at you. The puff of frost hits you.
Eustachio mumbles some strange words.
You hit Eustachio. Your headbutt misses Eustachio.
Eustachio is heavily wounded.
The bat closely misses you. You block the white imp's attack.
The bat barely misses you. Eustachio misses you.
You closely miss Eustachio.
Eustachio is heavily wounded.
The bat hits you but does no damage. The white imp hits you.
The white imp freezes you. The rat bites you.
The white imp hits you but does no damage.
The iron imp completely misses you. You furiously retaliate!
You headbutt the iron imp. Eustachio barely misses you.
You closely miss Eustachio. Your headbutt misses Eustachio.
Eustachio is heavily wounded.
You block the bat's attack. You block the white imp's attack.
The white imp closely misses you. The rat closely misses you.
Eustachio misses you. The iron imp barely misses you.
You slash Eustachio! Your headbutt misses Eustachio.
Eustachio is severely wounded.
The bat hits you but does no damage. The white imp gestures at you.
The puff of frost hits you!
* * * LOW HITPOINT WARNING * * *
You block the rat's attack. The white imp gestures at you.
The puff of frost hits you!
You die...

♣♣ ##P♣ #... #.P♣
######## ##.♣♣
##......#### ##..#.
.....b.r@5.# ######.....
........@5r####..........
.........5......†.#...###
...........########..####
.........### #..# #.
##.####### #### ## #


You could see Eustachio, an iron imp (summoned), 2 white imps, a bat (summoned)
and 2 rats.

Vanquished Creatures
  A water moccasin skeleton (D:4)
  Jessica (D:3)
  Natasha (twice) (D:4)
  A hound skeleton (D:4)
  Robin (D:4)
  3 adders
  A worm (D:3)
  3 dart slugs
  8 endoplasms
  4 giant cockroaches
  8 hobgoblins
  3 jackals (D:1)
  2 quokkas (D:1)
  9 ball pythons
  3 bats (D:1)
  5 frilled lizards
  15 goblins
  4 kobolds
  A quokka skeleton (D:4)
  6 rats
81 creatures vanquished.

Vanquished Creatures (others)
  A goblin (D:4)
1 creature vanquished.

Grand Total: 82 creatures vanquished

Notes
Turn   | Place    | Note
-------+----------+-------------------------------------------
     0 | D:1      | a11behringer the Minotaur Fighter began the quest for the
                  | Orb.
     0 | D:1      | Reached XP level 1. HP: 19/19 MP: 0/0
    30 | D:1      | Got Riecve's Collected Works on Arcane Weapons
   406 | D:1      | Reached XP level 2. HP: 25/27 MP: 1/1
   679 | D:1      | Reached skill level 3 in Long Blades
   888 | D:1      | Found a faded altar of an unknown god.
   890 | D:1      | Reached XP level 3. HP: 33/33 MP: 2/2
  1901 | D:2      | Found Zoh Leiwn's Antique Armour Shop.
  2395 | D:3      | Reached skill level 4 in Long Blades
  2395 | D:3      | Reached XP level 4. HP: 40/40 MP: 3/3
  2543 | D:3      | Noticed Jessica
  2550 | D:3      | Killed Jessica
  3062 | D:4      | Reached skill level 5 in Long Blades
  3062 | D:4      | Reached XP level 5. HP: 42/46 MP: 4/4
  3143 | D:4      | Noticed Natasha
  3148 | D:4      | Killed Natasha
  3184 | D:4      | Noticed Robin
  3230 | D:4      | Killed Robin
  3380 | D:4      | Noticed Natasha
  3390 | D:4      | Killed Natasha
  3547 | D:4      | Noticed Eustachio
  3571 | D:4      | Killed from afar by a white imp

Illustrated notes

Levels and vault maps discovered:
D:1:      dpeg_arrival_rooms_with_view, layout_loops_corners,
          chequers_ecumenical_altar_simple
D:2:      layout_basic, serial_shops, nicolae_shop_statue_plus
D:3:      layout_basic, serial_bayou_pond_c, st_stairs_5, uniq_jessica
D:4:      layout_cave_pods, nicolae_wu_jian_wuxing_cycle,
          minmay_temple_entry_statues_pillars, kennysheep_cross_room,
          serial_bayou_crossing, uniq_robin, uniq_blork_the_orc, uniq_eustachio,
          uniq_natasha, uniq_edmund

Skill      XL: |  1  2  3  4 |
---------------+-------------+-----
Armour         | 4 |  4.9
Long Blades    | 3 4 5 |  5.8
Shields        | 4 |  4.3
Fighting       | 4 |  4.1
Dodging        | |  0.9

Action                   |  1- 3 |  4- 6 || total
-------------------------+-------+-------++-------
Melee: Long sword        |   118 |    92 ||   210
       Headbutt          |    13 |    17 ||    30
  Use: Scroll            |     6 |       ||     6
Armor: Scale mail        |    62 |    50 ||   112
Dodge: Dodged            |    53 |    48 ||   101
Block: Buckler           |    24 |    37 ||    61

Table legend: (Time is in decaauts)
 A = Elapsed time spent in this place.
 B = Non-inter-level travel time spent in this place.
 C = Inter-level travel time spent in this place.
 D = Time resting spent in this place.
 E = Time spent auto-exploring this place.
 F = Levels seen in this place.
 G = Mean time per level.
                   A        B        C        D        E       F      G
               +--------+--------+--------+--------+--------+-----+--------+
         Total |   3626 |   3178 |    448 |      0 |   2593 |   4 |  906.5 |
       Dungeon |   3626 |   3178 |    448 |      0 |   2593 |   4 |  906.5 |
               +--------+--------+--------+--------+--------+-----+--------+

Top non-repeatable levels by time:
     D:1: 1443 daAuts
     D:3: 872 daAuts
     D:2: 773 daAuts
     D:4: 536 daAuts
